 Dungeon Crawl Stone Soup version 0.26.1-2-gb8aa6d0cf2 (webtiles) character file.

Game seed: 5395743237558593867

4501 Groucho the Covert (level 10, -6/44 HPs)
             Began as a Spriggan Enchanter on Feb 23, 2021.
             Was a Follower of Kikubaaqudgha.
             Mangled by an orc warrior
             ... wielding a +4 battleaxe of pain
              (11 damage)
             ... on level 9 of the Dungeon.
             The game lasted 00:24:55 (15065 turns).

Groucho the Covert (Spriggan Enchanter)            Turns: 15065, Time: 00:24:56

Health: -6/44      AC:  5    Str:  7    XL:     10   Next: 16%
Magic:  11/23      EV: 22    Int: 23    God:    Kikubaaqudgha [*.....]
Gold:   311        SH:  0    Dex: 17    Spells: 8/25 levels left

rFire    . . .     SeeInvis +   g - +2 dagger (venom)
rCold    . . .     Faith    .   (shield restricted)
rNeg     . . .     Spirit   .   b - +0 robe
rPois    .         Reflect  .   k - +2 hat
rElec    .         Harm     .   B - +0 cloak
rCorr    .         Rampage  .   (gloves unavailable)
Will     +....                  (boots unavailable)
Stlth    +++++++...             (no amulet)
HPRegen  0.14/turn              o - ring of stealth
MPRegen  0.18/turn              q - +6 ring of intelligence

@: very quick
A: very small, unfitting armour, see invisible, speed 3
a: Renounce Religion, Receive Corpses


You were on level 9 of the Dungeon.
You worshipped Kikubaaqudgha.
Kikubaaqudgha was aware of your devotion.
You visited 2 branches of the dungeon, and saw 10 of its levels.

You collected 450 gold pieces.
You spent 139 gold pieces at shops.

Inventory:

Hand Weapons
 a - a +1 dagger
 g - a +2 dagger of venom (weapon)
Missiles
 i - 7 boomerangs
 s - 44 poisoned darts (quivered)
 C - 6 boomerangs of dispersal
Armour
 b - a +0 robe (worn)
 k - a +2 hat (worn)
 B - a +0 cloak (worn)
Jewellery
 o - a ring of stealth (left hand)
 q - a +6 ring of intelligence (right hand)
 w - a +4 ring of protection {unknown}
 E - an uncursed ring of poison resistance
 F - an uncursed ring of stealth
Wands
 t - a wand of paralysis (11)
 y - a wand of digging (2)
Scrolls
 d - 2 scrolls of identify
 e - 2 scrolls of blinking {unknown}
 f - 2 scrolls of fear
 h - a scroll of random uselessness {unknown}
 l - 2 scrolls of remove curse
 m - a scroll of amnesia
 n - 2 scrolls of teleportation
 u - a scroll of enchant weapon {unknown}
 v - 2 scrolls of fog {unknown}
 G - a scroll of torment {unknown}
Potions
 c - a potion of haste {unknown}
 j - 5 potions of flight
 p - 5 potions of heal wounds {unknown}
 r - a potion of resistance
 x - 2 potions of lignification {unknown}
 z - a potion of degeneration {unknown}
 A - a potion of ambrosia {unknown}
 D - a potion of curing


   Skills:
 + Level 4.8 Short Blades
 + Level 7.0 Dodging
 + Level 14.0 Stealth
 + Level 8.3 Spellcasting
 + Level 8.7 Hexes
 - Level 3.2 Earth Magic


You had 8 spell levels left.
You knew the following spells:

 Your Spells              Type           Power        Failure   Level
a - Corona                Hex            54%          1%          1
b - Ensorcelled Hibernat  Hex/Ice        58%          1%          2
c - Confusing Touch       Hex            49%          1%          3
d - Dazzling Flash        Conj/Hex       58%          3%          3
e - Tukima's Dance        Hex            49%          1%          3
f - Passwall              Tmut/Erth      14%          5%          2
g - Stone Arrow           Conj/Erth      34%          11%         3

Your spell library contained the following spells:

 Spells                   Type           Power        Failure   Level
 Sandblast                Erth           48%          1%          1
 Animate Skeleton         Necr           18%          7%          1
 Pain                     Necr           36%          7%          1
 Sublimation of Blood     Necr           4%           11%         2
 Vampiric Draining        Necr           4%           21%         3
 Petrify                  Tmut/Erth      17%          34%         4
 Lee's Rapid Deconstruct  Erth           12%          43%         5


Dungeon Overview and Level Annotations

Branches:
Dungeon (9/15)             Temple (1/1) D:7             Orc (0/2) D:9
   Lair: D:8-11

Altars:
Ashenzari
Cheibriados
Dithmenos
Elyvilon
Fedhas
Gozag
Hepliaklqana
Kikubaaqudgha
Makhleb
Nemelex Xobeh
Okawaru
Qazlal
Ru
Sif Muna
Trog
Uskayaw
Vehumet
Wu Jian
Xom
Yredelemnul
Zin
The Shining One

Shops:
D:6 [}[[:   D:7 *

Annotations:
D:5 2 transporters


Innate Abilities, Weirdness & Mutations

You are very small and have problems with some larger weapons.
You are too small for most types of armour.
You have supernaturally acute eyesight. (SInv)
You cover ground extremely quickly.


Message History

Casting: Ensorcelled Hibernation (safe; 1% risk of failure)
Confirm with . or Enter, or press ? or * to list all spells.
Your hands begin to glow red.
You climb downwards.
The wyvern skeleton misses you.
The orc warrior hits you with a +4 battleaxe of pain!!
Ouch! That really hurt!
The wyvern skeleton bites you but does no damage.
The orc warrior hits you with a +4 battleaxe of pain!
* * * LOW HITPOINT WARNING * * *
You writhe in agony.
* * * LOW HITPOINT WARNING * * *
There is a stone staircase leading up, spattered with blood here.
Unknown command.
You hit the orc warrior but do no damage.
The orc warrior appears confused.
The wyvern skeleton closely misses you. The orc completely misses you.
The wyvern skeleton bites you.
* * * LOW HITPOINT WARNING * * *
The orc warrior hits you with a +4 battleaxe of pain!
You die...
Kikubaaqudgha rasps: "You have failed me!
Welcome... death!" ## . # #. #.#.#.##### ## ....?..@oo# .# ###......#.#

You could see an orc warrior (confused), 3 orcs and a wyvern skeleton.

Vanquished Creatures
  Pikel (Temple)
  An ugly thing (D:7)
  Prince Ribbit (D:7)
  Grum (D:8)
  Edmund (D:5)
  Menkaure (D:6)
  2 sky beasts (D:5)
  An orc warrior (Temple)
  An eye of draining (D:8)
  5 ogres
  2 wolves (D:8)
  2 centaurs
  A lemure (Temple)
  A big kobold (D:8)
  5 bullfrogs
  A gnoll sergeant (D:8)
  A water moccasin zombie (D:7)
  A wyvern skeleton (D:6)
  4 scorpions
  A killer bee (D:4)
  A wight (D:7)
  2 howler monkeys
  A centaur zombie (D:7)
  A quasit (D:9)
  6 hounds
  3 jellies
  An orc wizard (D:7)
  A centaur skeleton (D:7)
  3 iguanas
  Jessica (D:6)
  7 worker ants
  A howler monkey zombie (D:7)
  10 gnolls
  2 worker ant zombies
  8 adders
  3 shadow imps
  5 white imps
  An ufetubus (D:6)
  An ooze (D:3)
  2 adder skeletons
  3 adder zombies
  A dart slug (D:2)
  3 leopard geckos
  13 orcs
  6 giant cockroaches
  7 hobgoblins
  21 jackals
  7 quokkas
  13 bats
  3 frilled lizards
  14 goblins
  14 kobolds
  6 rats
205 creatures vanquished.

Notes
Turn   | Place    | Note
-------+----------+-------------------------------------------
     0 | D:1      | Groucho the Spriggan Enchanter began the quest for the Orb.
     0 | D:1      | Reached XP level 1. HP: 9/9 MP: 5/5
   482 | D:1      | Reached skill level 5 in Stealth
   482 | D:1      | Reached XP level 2. HP: 13/13 MP: 6/6
  1210 | D:1      | Learned a level 2 spell: Ensorcelled Hibernation
  1353 | D:2      | Reached XP level 3. HP: 16/16 MP: 8/8
  1452 | D:2      | Reached skill level 6 in Stealth
  1800 | D:2      | Reached XP level 4. HP: 21/21 MP: 8/10
  2333 | D:3      | HP: 1/21 [gnoll/+0 whip (4)]
  3029 | D:3      | Learned a level 3 spell: Confusing Touch
  3078 | D:3      | Reached skill level 7 in Stealth
  3078 | D:3      | Reached XP level 5. HP: 20/24 MP: 4/11
  3946 | D:3      | Found a faded altar of an unknown god.
  4666 | D:4      | Reached skill level 5 in Hexes
  4673 | D:5      | Entered Level 5 of the Dungeon
  5379 | D:5      | Found a transporter.
  5379 | D:5      | Noticed an ogre
  5383 | D:5      | Reached skill level 8 in Stealth
  5383 | D:5      | Noticed an orc warrior
  5388 | D:5      | Found a burning altar of Makhleb.
  5388 | D:5      | Found a transporter.
  5563 | D:5      | Reached XP level 6. HP: 20/28 MP: 13/13
  5567 | D:5      | Learned a level 3 spell: Dazzling Flash
  5571 | D:5      | Learned a level 3 spell: Tukima's Dance
  6100 | D:5      | Noticed a sky beast
  6120 | D:5      | Killed a sky beast
  6121 | D:5      | Reached skill level 9 in Stealth
  6121 | D:5      | Reached skill level 5 in Spellcasting
  7282 | D:5      | Noticed a sky beast
  7289 | D:5      | Killed a sky beast
  7290 | D:5      | Reached XP level 7. HP: 32/32 MP: 15/15
  8198 | D:5      | Noticed Edmund
  8203 | D:5      | Killed Edmund
  8204 | D:5      | Reached skill level 10 in Stealth
  8277 | D:6      | Found Eniffeg's Gadget Shoppe.
  8277 | D:6      | Found a stormy altar of Qazlal.
  8680 | D:6      | Reached XP level 8. HP: 27/36 MP: 11/18
  9006 | D:6      | Found Paackyp's Antique Armour Shop.
  9010 | D:6      | Bought a cloak for 139 gold pieces
  9052 | D:6      | Found a basalt altar of Yredelemnul.
  9054 | D:6      | Noticed a profane servitor
  9065 | D:6      | Found a glowing golden altar of the Shining One.
  9091 | D:6      | Found Ythrougipoe's Antique Armour Boutique.
  9102 | D:6      | Noticed Menkaure
  9114 | D:6      | Killed Menkaure
  9115 | D:6      | Reached skill level 11 in Stealth
  9115 | D:6      | Found Ydiss's Book Shoppe.
  9162 | D:6      | Learned a level 2 spell: Passwall
  9166 | D:6      | Learned a level 3 spell: Stone Arrow
  9236 | D:6      | Found Seb Fuy's Armour Shoppe.
  9401 | D:6      | Found a sparkling altar of Nemelex Xobeh.
  9401 | D:6      | Noticed Jessica
  9405 | D:6      | Killed Jessica
  9498 | D:7      | Found a staircase to the Ecumenical Temple.
  9503 | D:7      | Noticed Pikel
  9508 | Temple   | Entered the Ecumenical Temple
  9733 | Temple   | Became a worshipper of Kikubaaqudgha
  9769 | Temple   | Killed Pikel
  9770 | Temple   | Reached skill level 12 in Stealth
  9770 | Temple   | Reached skill level 1 in Earth Magic
 11446 | D:7      | Reached XP level 9. HP: 39/39 MP: 17/20
 11722 | D:7      | Found Ruwiwiq's Elemental Accessories.
 12171 | D:7      | Reached skill level 5 in Dodging
 12546 | D:7      | Noticed Prince Ribbit
 12549 | D:7      | Killed Prince Ribbit
 12550 | D:7      | Reached skill level 13 in Stealth
 12601 | D:7      | Noticed a purple ugly thing
 12807 | D:7      | Killed a purple ugly thing
 12862 | D:7      | Reached * piety under Kikubaaqudgha
 12862 | D:7      | Identified Kikubaaqudgha's Collected Works on Black Rites
                  | (Kikubaaqudgha gifted it to you on level 7 of the Dungeon)
 12862 | D:7      | Received a gift from Kikubaaqudgha
 14811 | D:8      | Reached XP level 10. HP: 44/44 MP: 23/23
 14875 | D:8      | Noticed Grum
 14881 | D:8      | Killed Grum
 14979 | D:9      | Found a staircase to the Orcish Mines.
 15030 | D:9      | Reached skill level 14 in Stealth
 15065 | D:9      | Mangled by an orc warrior

Illustrated notes

Levels and vault maps discovered:
D:1:      lemuel_arrival_cross, layout_basic
D:2:      layout_loops_ring
D:3:      minmay_door_path, layout_basic, chequers_ecumenical_altar_simple_redux
D:4:      layout_rooms
D:5:      layout_rooms, gammafunk_temple_overflow_arena, uniq_edmund
D:6:      layout_cave_pools, grunt_temple_overflow_holy_war,
          nicolae_qazlal_eye_of_the_storm, serial_park, serial_park_square2,
          serial_shops, nicolae_shop_behind_doors, kennysheep_mini_moat, shop,
          shop, kennysheep_mini, nemelex_lonely_heart_becter, uniq_menkaure
D:7:      nzn_winding_woodlands_medium [nzn_winding_woodlands_hourglass,
          nzn_winding_woodlands_5x15_crooked,
          nzn_winding_woodlands_5x5_checkerboard,
          nzn_winding_woodlands_5x5_closed_star,
          nzn_winding_woodlands_center_pierced_h,
          nzn_winding_woodlands_5x5_three, nzn_winding_woodlands_5x5_default,
          nzn_winding_woodlands_5x15_split_checker,
          nzn_winding_woodlands_5x5_default], layout_rooms,
          minmay_temple_entry_glass, enter_bailey_3, nicolae_elemental_shop,
          uniq_prince_ribbit1, uniq_pikel
D:8:      layout_basic, uniq_grum
D:9:      layout_rooms
Temple:   regret_index_temple_mists

Skill      XL: |  1  2  3  4  5  6  7  8  9 10 |
---------------+-------------------------------+-----
Stealth        | 5 6 7 8 9 10 12 13 14 | 14.0
Spellcasting   | 3 4 5 6 7 8 |  8.3
Hexes          | 4 5 6 7 8 |  8.7
Short Blades   | 2 4 |  4.8
Dodging        | 4 6 7 |  7.0
Earth Magic    | 2 3 |  3.2

Action                   |  1- 3 |  4- 6 |  7- 9 | 10-12 || total
-------------------------+-------+-------+-------+-------++-------
Melee: Dagger            |   112 |   138 |   220 |    18 ||   488
Throw: Boomerang         |       |     4 |    15 |       ||    19
       Dart              |       |       |     7 |       ||     7
 Cast: Ensorcelled Hiber |     3 |    24 |    60 |     6 ||    93
       Confusing Touch   |       |     6 |    30 |     2 ||    38
       Dazzling Flash    |       |       |     2 |       ||     2
  Use: Potion            |       |     2 |     1 |       ||     3
       Scroll            |       |       |     6 |       ||     6
 Stab: Sleeping          |    18 |    19 |    57 |     9 ||   103
       Confused          |       |     6 |    21 |     1 ||    28
Armor: Robe              |    13 |    14 |    22 |     2 ||    51
Dodge: Dodged            |    76 |   103 |   175 |    21 ||   375
